 Dungeon Crawl Stone Soup version 0.29.1-14-g9c671dbff4 (webtiles) character file.

Game seed: 3957507226860790016

583205 rhet the Hoplite (level 27, -5/219 HPs)
             Began as a Formicid Fighter on Feb 18, 2023.
             Was the Champion of Wu Jian.
             Killed by divine providence
             ... invoked by a mummy priest
              (13 damage)
             ... on level 2 of the Tomb of the Ancients on Feb 19, 2023.
             The game lasted 06:41:46 (113707 turns).

rhet the Hoplite (Formicid Fighter)               Turns: 113707, Time: 06:41:46

Health: -5/219     AC: 43    Str: 37    XL:     27
Magic:  13/23      EV: 20    Int:  8    God:    Wu Jian [******]
Gold:   1365       SH: 35    Dex: 23    Spells: 26/26 levels left

rFire   + + +      SeeInvis +   F - +10 dark maul {vorpal}
rCold   x . .      Faith    .   W - +5 tower shield
rNeg    + + +      Spirit   .   e - +15 Maxwell's patent armour {-Cast -Tele rElec Will+ rCorr}
rPois   +          Reflect  +   (helmet unavailable)
rElec   +          Harm     .   f - +2 cloak {Will+}
rCorr   +          Rampage  .   D - +0 pair of gloves of the Orb {Regen+ rCorr Str+3 Dex-2}
Will    +++++      NoCast   +   h - +1 pair of boots of Cush {rElec rF+ Dex+4}
Stlth   ++++......              a - amulet "Moiqed" {Reflect rElec rF++ Regen+ Int-4 SH+5}
HPRegen 2.06/turn               k - ring of Lilacs {rPois rN+ Will+ Str+7 Dex-2}
MPRegen 0.18/turn               T - ring "Rody" {Fire rN++ Dex+8}

@: mighty, studying 3 skills
A: permanent stasis, dig shafts and tunnels, antennae 3, four strong arms,
hooves 1, weak 1, MP-powered wands
}: 3/15 runes: barnacled, silver, gossamer
a: Dig, Shaft Self, Renounce Religion, Wall Jump, Serpent's Lash, Heavenly Storm


You were on level 2 of the Tomb of the Ancients.
You worshipped Wu Jian.
Wu Jian was exalted by your worship.
You visited 13 branches of the dungeon, and saw 57 of its levels.
You visited 1 bazaar.
You also visited: Gauntlet.

You collected 8685 gold pieces.
You spent 7320 gold pieces at shops.

Inventory:

Hand Weapons
 y - a +9 vorpal hand crossbow
 F - the +10 dark maul (weapon) {vorpal}
   (You found it in a Gauntlet)

   It inflicts extra damage upon your enemies.
Armour
 e - the +15 Maxwell's patent armour (worn) {-Cast -Tele rElec Will+ rCorr}
   (You acquired it on level 4 of the Dungeon)

   rElec:     It insulates you from electricity.
   -Cast:     It prevents spellcasting.
   -Tele:     It prevents most forms of teleportation.
   rCorr:     It protects you from acid and corrosion.
   Will:      It increases your willpower.
 f - a +2 cloak of willpower (worn)
 h - the +1 pair of boots of Cush (worn) {rElec rF+ Dex+4}
   (You acquired it on level 4 of the Dungeon)

   Dex:       It affects your dexterity (+4).
   rF:        It protects you from fire.
   rElec:     It insulates you from electricity.
 j - the +1 pair of gloves of Heresy {rC+ Int+4}
   (You bought it in a shop on level 1 of the Elven Halls)

   Int:       It affects your intelligence (+4).
   rC:        It protects you from cold.
 z - a +0 cloak of preservation
 D - the +0 pair of gloves of the Orb (worn) {Regen+ rCorr Str+3 Dex-2}
   (You found it on level 1 of the Depths)

   Str:       It affects your strength (+3).
   Dex:       It affects your dexterity (-2).
   Regen:     It increases your rate of health regeneration.
   rCorr:     It protects you from acid and corrosion.
 W - a +5 tower shield (worn)
Jewellery
 a - the amulet "Moiqed" (around neck) {Reflect rElec rF++ Regen+ Int-4 SH+5}
   (You bought it in a shop on level 2 of the Orcish Mines)

   [amulet of reflection]

   It reflects blocked missile attacks.
   Int:       It affects your intelligence (-4).
   rF:        It greatly protects you from fire.
   rElec:     It insulates you from electricity.
   Regen:     It increases your rate of health regeneration.
   SH:        It affects your SH (+5).
 k - the ring of Lilacs (left hand) {rPois rN+ Will+ Str+7 Dex-2}
   (You took it off a skeletal warrior on level 1 of the Crypt)

   [ring of willpower]

   Str:       It affects your strength (+7).
   Dex:       It affects your dexterity (-2).
   rPois:     It protects you from poison.
   rN:        It protects you from negative energy.
   Will:      It increases your willpower.
 l - the ring "Waimaraa" {Fly AC+4}
   (You found it on level 4 of the Depths)

   [ring of protection]

   AC:        It affects your AC (+4).
   Fly:       It grants you flight.
 Q - the ring of Doubts {Wiz rN++}
   (You took it off a deep elf archer on level 3 of the Elven Halls)

   [ring of wizardry]

   It improves your spell success rate.
   rN:        It greatly protects you from negative energy.
 S - the ring of Rawkeot {rPois rF+ rC+ MP+9 Dex+4}
   (You took it off a deep elf high priest on level 5 of the Vaults)

   [ring of protection from fire]

   Dex:       It affects your dexterity (+4).
   rF:        It protects you from fire.
   rC:        It protects you from cold.
   rPois:     It protects you from poison.
   MP:        It affects your magic capacity (+9).
 T - the ring "Rody" (right hand) {Fire rN++ Dex+8}
   (You found it on level 5 of the Vaults)

   [ring of fire]

   It enhances your fire magic.
   Dex:       It affects your dexterity (+8).
   rF:        It protects you from fire.
   rC:        It makes you vulnerable to cold.
   rN:        It greatly protects you from negative energy.
Wands
 c - a wand of light (6)
 v - a wand of polymorph (5)
 A - a wand of iceblast (5)
 B - a wand of mindburst (32)
 M - a wand of flame (75)
 V - a wand of paralysis (13)
Scrolls
 d - a scroll of poison
 o - 44 scrolls of identify
 p - 2 scrolls of magic mapping
 H - a scroll of enchant weapon
Potions
 b - 11 potions of ambrosia
 w - 12 potions of brilliance
 x - 7 potions of cancellation
 O - 5 potions of magic
 U - 3 potions of flight
Miscellaneous
 i - a box of beasts (inert)
 m - a tin of tremorstones (inert)
 s - a phantom mirror (inert)
 R - a condenser vane (inert)
 Y - a lightning rod (3/4)


   Skills:
 + Level 18.7 Fighting
 * Level 21.2 Maces & Flails
 + Level 17.0 Ranged Weapons
 * Level 21.6 Armour
 + Level 15.3 Dodging
 + Level 20.0 Stealth
 + Level 23.3 Shields
 + Level 17.8 Evocations


You had 26 spell levels left.
You didn't know any spells.
Your spell library contained the following spells:

 Spells                   Type           Power      Damage    Failure   Level
 Apportation              Tloc           0%         N/A       86%         1
 Foxfire                  Conj/Fire      0%         2x1d4     86%         1
 Magic Dart               Conj           0%         1d3       86%         1
 Necrotise                Necr           0%         1d4       86%         1
 Slow                     Hex            0%         N/A       86%         1
 Sting                    Tmut/Pois      0%         1d3       86%         1
 Summon Small Mammal      Summ           0%         N/A       86%         1
 Call Imp                 Summ           0%         N/A       95%         2
 Ensorcelled Hibernation  Hex/Ice        0%         N/A       95%         2
 Passwall                 Tmut/Erth      0%         N/A       95%         2
 Poisonous Vapours        Pois/Air       0%         N/A       95%         2
 Static Discharge         Conj/Air       0%         3-3/arc   95%         2
 Sublimation of Blood     Necr           0%         N/A       95%         2
 Call Canine Familiar     Summ           0%         N/A       99%         3
 Confusing Touch          Hex            0%         N/A       99%         3
 Conjure Flame            Conj/Fire      0%         6-21      99%         3
 Dazzling Flash           Conj/Hex       0%         N/A       99%         3
 Frozen Ramparts          Ice            0%         1d1       99%         3
 Gell's Gravitas          Tloc           0%         N/A       99%         3
 Ignite Poison            Fire/Tmut/Pois 0%         N/A       99%         3
 Inner Flame              Hex/Fire       0%         N/A       99%         3
 Lesser Beckoning         Tloc           0%         N/A       99%         3
 Mephitic Cloud           Conj/Pois/Air  0%         N/A       99%         3
 Ozocubu's Armour         Ice            0%         N/A       99%         3
 Portal Projectile        Hex/Tloc       0%         N/A       99%         3
 Summon Guardian Golem    Hex/Summ       0%         N/A       99%         3
 Teleport Other           Tloc           0%         N/A       99%         3
 Tukima's Dance           Hex            0%         N/A       99%         3
 Vampiric Draining        Necr           0%         2d6       99%         3
 Animate Armour           Summ/Erth      0%         N/A       100%        4
 Cause Fear               Hex            0%         N/A       100%        4
 Corpse Rot               Necr/Pois/Air  0%         N/A       100%        4
 Dispel Undead            Necr           0%         3d6       100%        4
 Flame Wave               Conj/Fire      0%         2d4       100%        4
 Fulminant Prism          Conj/Hex       0%         3d6       100%        4
 Hailstorm                Conj/Ice       0%         3d3       100%        4
 Ice Form                 Ice/Tmut       0%         N/A       100%        4
 Iskenderun's Mystic Bla  Conj/Tloc      0%         2d3       100%        4
 Leda's Liquefaction      Hex/Erth       0%         N/A       100%        4
 Olgreb's Toxic Radiance  Pois           0%         N/A       100%        4
 Passage of Golubria      Tloc           0%         N/A       100%        4
 Petrify                  Tmut/Erth      0%         N/A       100%        4
 Sticky Flame             Conj/Fire      0%         2d3       100%        4
 Summon Ice Beast         Ice/Summ       0%         N/A       100%        4
 Agony                    Necr           0%         N/A       100%        5
 Alistair's Intoxication  Tmut/Pois      0%         N/A       100%        5
 Borgnjor's Vile Clutch   Necr/Erth      0%         N/A       100%        5
 Fireball                 Conj/Fire      0%         3d3       100%        5
 Freezing Cloud           Conj/Ice/Air   0%         6-21      100%        5
 Irradiate                Conj/Tmut      0%         3d11      100%        5
 Lee's Rapid Deconstruct  Erth           0%         3d5*      100%        5
 Manifold Assault         Tloc           0%         N/A       100%        5
 Metabolic Englaciation   Hex/Ice        0%         N/A       100%        5
 Silence                  Hex/Air        0%         N/A       100%        5
 Yara's Violent Unravell  Hex/Tmut       0%         3d3       100%        5
 Dispersal                Tloc           0%         N/A       100%        6
 Eringya's Noxious Bog    Tmut/Pois      0%         N/A       100%        6
 Simulacrum               Ice/Necr       0%         N/A       100%        6
 Starburst                Conj/Fire      0%         6d3       100%        6
 Statue Form              Tmut/Erth      0%         N/A       100%        6
 Dragon Form              Tmut           0%         N/A       100%        7
 Enfeeble                 Hex            0%         N/A       100%        7
 Malign Gateway           Summ/Tloc      0%         N/A       100%        7
 Orb of Destruction       Conj           0%         9d5       100%        7
 Ozocubu's Refrigeration  Ice            0%         4d7       100%        7
 Storm Form               Tmut/Air       0%         N/A       100%        7
 Disjunction              Tloc           0%         N/A       100%        8
 Ignition                 Fire           0%         3d3       100%        8
 Lehudib's Crystal Spear  Conj/Erth      0%         10d2      100%        8
 Summon Horrible Things   Summ           0%         N/A       100%        8
 Chain Lightning          Conj/Air       0%         N/A       100%        9
 Dragon's Call            Summ           0%         N/A       100%        9
 Polar Vortex             Ice            0%         N/A       100%        9
 Blink                    Tloc           Unusable   N/A       N/A         2
 Swiftness                Air            Unusable   N/A       N/A         3

Dungeon Overview and Level Annotations

Branches:
Dungeon (15/15)            Temple (1/1) D:6            Lair (5/5) D:9
 Shoals (4/4) Lair:2       Spider (4/4) Lair:3        Slime (5/5) Lair:4
    Orc (2/2) D:9             Elf (3/3) Orc:2        Vaults (5/5) D:14
  Crypt (3/3) Vaults:2       Tomb (2/3) Crypt:3      Depths (4/4) D:15
    Zot (4/5) Depths:4    Gauntlet (visited)

Altars:
Ashenzari
Cheibriados
Dithmenos
Elyvilon
Fedhas
Gozag
Hepliaklqana
Kikubaaqudgha
Makhleb
Nemelex Xobeh
Okawaru
Qazlal
Ru
Sif Muna
Trog
Uskayaw
Vehumet
Wu Jian
Xom
Yredelemnul
Zin
The Shining One
Jiyva

Shops:
D:2 *   D:6 *   D:8 (   D:9 *   Orc:2 (:==   Elf:1 ([[   Elf:2 (*   Elf:3 (
Shoals:1 (   Vaults:5 ?!?   Depths:1 *

Portals:
Hell: Depths:1 Depths:2 Depths:3 Depths:4
Abyss: Depths:2 Depths:3
Pandemonium: Depths:1 Depths:2
Ziggurat: Depths:1

Annotations:
Slime:5 Royal Jelly
Depths:2 2 transporters, exclusion: obsidian statue
Zot:3 1 transporter


Innate Abilities, Weirdness & Mutations

You cannot be hasted, slowed, berserked, paralysed or teleported.
You can dig through walls and to a lower floor.
You have a pair of large antennae on your head. (SInv)
Your four strong arms can wield two-handed weapons with a shield.
You have large cloven feet.
You are weak. (Str -2)
You expend magic power (3 MP) to strengthen your wands.


Message History

The emperor scorpion misses you. The royal mummy misses you.
The skeletal warrior barely misses you.
The mummy priest mumbles some strange prayers to its god against you.
Something smites you!
* * * LOW HITPOINT WARNING * * *
A mummy comes into view. x2
The bennu's plumage briefly flares with an otherwordly flame.
The bennu barely misses you. The bennu closely misses you. The bennu claws you!
* * * LOW HITPOINT WARNING * * *
The orange demon closely misses you.
Unknown command.
Okay, then.
Okay, then.
You feel better.
You flicker back into view.
The heavenly storm settles.
The royal mummy is no longer blind.
The royal mummy is no longer moving slowly.
The royal mummy is no longer blind.
You block the death scarab's attack. x2
The death scarab barely misses you. x2
The emperor scorpion stings you but does no damage.
The emperor scorpion completely misses you.
You block the emperor scorpion's attack.
The bennu pecks you but does no damage. The bennu claws you but does no damage.
The bennu barely misses you. You block the royal mummy's attack.
The skeletal warrior hits you with a +1 battleaxe of freezing.
* * * LOW HITPOINT WARNING * * *
The skeletal warrior freezes you.
* * * LOW HITPOINT WARNING * * *
The royal mummy points at you and mumbles some strange words.
Something smites you!
* * * LOW HITPOINT WARNING * * *
The mummy priest prays to its god.
The ushabti shakes and rattles.
The vile air hits the bennu but does no damage.
The vile air hits you but does no damage.
The vile air hits the emperor scorpion but does no damage.
The vile air hits the death scarab.
The vile air hits the mummy.
The mummy priest mumbles some strange prayers to its god against you.
Something smites you!
You die... ... ##.....M$.. ?...##.......... ................ ...........^. ......?{MM.. . #..sBsBs#

.
..##.MBBBBB##...
.....{9b@sBM§☼.#
......BzMMM§...#
...9.{Z4BBM..○§.
...B.....§W..§§M
.........§....§.
.....M...§..?...
.........(...)..
..##.......##...
.. #.......# ..


You could see 3 royal mummies, 4 emperor scorpions, a bennu, 2 mummy priests, a
skeletal warrior, an orange demon (summoned, poisoned), a phantasmal warrior
(summoned), an ushabti (catching breath), 11 death scarabs, 4 mummies and a
spriggan defender zombie.

Vanquished Creatures
  A dread lich (Vaults:5)
  An orb of fire (Zot:3)
  An ancient lich (Vaults:5)
  Mennas (Depths:4)
  Sojobo (Vaults:5)
  Boris (Vaults:5)
  A royal mummy (Tomb:1)
  The ghost of Roocroe the Impregnable, a veteran MiGl of Hepliaklqana (Crypt:1)
  Bai Suzhen (Shoals:3)
  Saint Roka (Orc:2)
  Parghit (Zot:3)
  5 golden dragons
  Jory (Crypt:1)
  5 Tzitzimimeh
  5 bone dragons
  2 doom hounds (Crypt:1)
  An electric golem (Zot:2)
  18 tentacled monstrosities
  3 liches
  A shard shrike skeleton (Crypt:1)
  Grunn (Crypt:1)
  A deep elf blademaster (Elf:3)
  2 deep elf master archers (Elf:3)
  4 titans
  9 acid blobs
  7 quicksilver dragons
  6 ancient champions
  11 sphinxes
  A kraken (Shoals:1)
  5 death cobs
  5 shadow dragons
  Ilsuiw (Shoals:2)
  8 rockslimes
  8 tengu reavers
  9 storm dragons
  6 azure jellies
  2 draconian monks (Zot:1)
  3 emperor scorpions
  Donald (Shoals:1)
  5 draconian knights
  4 revenants
  8 ghost moths
  21 frost giants
  Aizul (Shoals:3)
  17 vault wardens
  4 draconian scorchers
  10 fire giants
  7 deep elf sorcerers
  Louise (Depths:2)
  4 iron dragons
  6 curse skulls
  8 deep elf elementalists (Elf:3)
  3 draconian shifters
  A juggernaut zombie (Crypt:3)
  2 spriggan defenders (Depths:3)
  6 draconian stormcallers
  A quicksilver ooze (Slime:4)
  2 war gargoyles
  3 orc warlords (Vaults:1)
  18 stone giants
  4 caustic shrike skeletons
  A broodmother (Spider:2)
  17 ironbound preservers
  3 ghouls
  7 ironbound thunderhulks
  A juggernaut skeleton (Crypt:1)
  2 grey draconians (Depths:4)
  29 very ugly things
  12 green draconians
  6 vampire knights
  7 deep elf annihilators
  12 red draconians
  9 black draconians
  8 dire elephants
  6 deep elf demonologists
  3 yellow draconians
  A spark wasp (shapeshifter) (D:14)
  4 entropy weavers
  A minotaur (Gauntlet)
  6 white draconians
  9 spark wasps
  9 purple draconians
  5 eidola
  6 mummy priests (Tomb:1)
  A blizzard demon (Depths:2)
  12 merfolk impalers
  7 deep elf death magi
  9 fire dragons
  13 yaktaur captains
  7 deep elf high priests
  16 ettins
  2 merfolk javelineers
  7 jiangshi
  13 ice dragons
  3 great orbs of eyes
  A pearl dragon skeleton (Crypt:1)
  7 hydras
  A rakshasa (Depths:1)
  3 quicksilver dragon skeletons (Crypt:1)
  13 boulder beetles
  35 vault guards
  Fannar (D:10)
  4 spriggan air magi
  An ogre mage (Vaults:5)
  17 centaur warriors
  8 two-headed ogres
  2 radroaches
  A fenstrider witch skeleton (Crypt:1)
  A jorogumo (Spider:3)
  3 merfolk avatars
  A merfolk aquamancer (Shoals:4)
  2 catoblepae
  3 death yaks (Lair:5)
  9 ironbound frosthearts
  2 alligator snapping turtles
  Erica (D:10)
  3 death knights
  5 tengu warriors
  6 deep troll shamans
  2 deep troll earth magi
  6 vampire magi
  26 dancing weapons
  20 deep elf knights
  2 titan zombies
  6 spriggan berserkers
  A sun demon (Depths:2)
  Amaemon (D:9)
  26 skeletal warriors
  6 pharaoh ants
  3 sun moths
  16 iron trolls
  10 sea snakes
  2 goliath frogs (Lair:5)
  A storm dragon skeleton (Crypt:1)
  2 fire crabs (shapeshifter)
  61 deep trolls
  2 shadow wraiths
  22 steelbarb worms
  2 orb spiders
  3 swamp dragons (Depths:4)
  A glowing orange brain (Vaults:2)
  An orb spider (shapeshifter) (Vaults:3)
  2 large abominations (Gauntlet)
  4 flayed ghosts
  2 sphinx zombies
  2 lindwurms (Vaults:3)
  An anaconda zombie (Crypt:1)
  3 bog bodies
  22 harpies
  A bunyip skeleton (Crypt:3)
  Pikel (D:5)
  A shadow dragon zombie (Crypt:1)
  A lindwurm (shapeshifter) (Vaults:3)
  9 phantasmal warriors
  10 wizards
  2 tengu zombies (D:15)
  4 necromancers
  2 anaconda skeletons
  2 frost giant zombies
  20 ironbound convokers
  16 deep elf archers
  7 orc sorcerers (Orc:2)
  5 oklob plants (Lair:5)
  26 ugly things
  31 deep elf pyromancers
  13 orc knights
  24 deep elf zephyrmancers
  A fire giant zombie (Crypt:3)
  13 wolf spiders
  23 moths of wrath
  4 shining eyes (Slime:3)
  17 manticores
  4 fauns
  6 cyclopes
  6 elephants (Lair:5)
  A guardian serpent (shapeshifter) (Vaults:5)
  13 vault sentinels
  3 black mambas
  An orange demon (D:9)
  6 water nymphs
  4 eyes of devastation (Slime:3)
  A torpor snail (shapeshifter) (Vaults:5)
  10 merfolk sirens
  3 unseen horrors
  2 smoke demons (Depths:2)
  5 torpor snails
  A stone giant skeleton (Crypt:1)
  2 gargoyles (D:12)
  An elf skeleton (Vaults:3)
  13 demonic crawlers
  21 cane toads
  2 purple draconian zombies
  2 tormentors (Crypt:1)
  3 dire elephant skeletons
  A naga skeleton (Crypt:1)
  2 rime drakes
  2 freezing wraiths
  Maggie (D:6)
  An alligator snapping turtle skeleton (Crypt:1)
  A sea snake zombie (Crypt:1)
  36 yaktaurs
  A hellwing (Depths:2)
  10 guardian mummies
  2 efreet
  An ice devil (Depths:2)
  8 komodo dragons
  2 tengu conjurers
  A red devil (Depths:2)
  28 merfolk
  An iron troll skeleton (Crypt:2)
  6 meliai
  9 trolls
  A polar bear (shapeshifter) (D:14)
  13 tarantellas
  7 hornets
  3 polar bears
  2 tyrant leeches (Lair:5)
  4 snapping turtles
  20 blink frogs
  Grinder (D:4)
  6 wind drakes
  A death drake skeleton (Crypt:3)
  114 slime creatures
  2 dream sheep (Shoals:2)
  A tarantella zombie (Crypt:3)
  The ghost of leafyfresh the Ducker, an amateur DjIE (D:5)
  An ettin zombie (Crypt:2)
  19 jumping spiders
  7 water elementals
  8 flying skulls
  An ettin skeleton (Vaults:3)
  A wind drake zombie (Crypt:2)
  2 guardian serpent skeletons (Crypt:1)
  2 spriggan skeletons
  10 wraiths
  A ynoxinul (Depths:2)
  18 culicivoras
  4 air elementals
  3 shadows
  A fire dragon skeleton (Crypt:3)
  6 wyverns
  5 basilisks
  6 spriggans (Depths:2)
  3 centaur simulacra (Gauntlet)
  A basilisk (shapeshifter) (Elf:2)
  44 yaks
  6 golden eyes
  A human (shapeshifter) (Depths:3)
  3 ushabtiu (Tomb:1)
  A steam dragon (D:7)
  6 fire elementals
  A demonspawn zombie (Crypt:2)
  9 vampire mosquitoes
  3 small abominations (Gauntlet)
  A harpy simulacrum (Crypt:1)
  A warg (shapeshifter) (Depths:3)
  2 swamp worms (Gauntlet)
  29 redbacks
  11 wargs
  2 acid dragons (D:10)
  A water nymph skeleton (Crypt:3)
  13 water moccasins
  2 ice beasts
  2 floating eyes
  A swamp drake (D:9)
  A two-headed ogre skeleton (Crypt:1)
  A black bear (D:6)
  15 orc warriors
  A black bear (shapeshifter) (D:14)
  A meliai simulacrum (Gauntlet)
  11 ogres
  A boggart (Elf:1)
  5 wolves (Lair:2)
  18 centaurs
  2 kobold brigands
  A rime drake zombie (Crypt:1)
  A lemure (D:5)
  2 phantoms (D:6)
  An elephant skeleton (Crypt:2)
  An elf zombie (Crypt:1)
  2 necrophages
  A gnoll sergeant (D:9)
  18 bullfrogs
  6 scorpions
  2 earth elementals (Elf:2)
  A hornet simulacrum (Gauntlet)
  22 killer bees
  A yak skeleton (Crypt:2)
  2 electric eels
  5 howler monkeys
  16 orc priests
  2 centaur zombies
  2 hounds
  4 jellies
  Natasha (thrice) (D:4)
  An iguana (D:6)
  46 orc wizards
  12 mummies
  4 gnolls
  7 adders
  A shadow imp (D:5)
  A swamp drake skeleton (Crypt:1)
  2 ufetubi
  8 dart slugs
  110 orcs
  7 ball pythons
  9 bats
  7 endoplasms
  10 giant cockroaches
  5 goblins
  3 hobgoblins
  3 jackals (D:2)
  20 kobolds
  2 quokkas (D:4)
  7 frilled lizards
  A jackal zombie (Crypt:1)
  3 rats
  A bush (Lair:5)
  A tentacle (Shoals:1)
2210 creatures vanquished.

Vanquished Creatures (collateral kills)
  A Killer Klown (Zot:3)
  A shard shrike skeleton (Crypt:1)
  An ancient champion (Tomb:2)
  2 tengu reavers (Vaults:5)
  A very ugly thing (Vaults:5)
  A bennu (Tomb:2)
  A mummy priest (Tomb:2)
  A deep elf high priest (Vaults:5)
  An ironbound convoker (Vaults:5)
  A human zombie (Crypt:1)
  A guardian mummy (Tomb:2)
  A freezing wraith (Vaults:5)
13 creatures vanquished.

Vanquished Creatures (others)
  A white draconian (Zot:2)
  A deep elf knight (Elf:1)
  A wizard (D:15)
  A deep elf pyromancer (Elf:1)
  An orc knight (Vaults:1)
  2 jumping spiders (Spider:2)
  3 orc wizards
  2 orcs
  13 fungi
  135 plants
  22 tentacles
  19 withered plants
201 creatures vanquished.

Grand Total: 2424 creatures vanquished

Notes
Turn   | Place    | Note
-------+----------+-------------------------------------------
     0 | D:1      | rhet the Formicid Fighter began the quest for the Orb.
     0 | D:1      | Reached XP level 1. HP: 18/18 MP: 1/1
    77 | D:1      | Reached XP level 2. HP: 18/24 MP: 2/2
   337 | D:1      | Reached XP level 3. HP: 29/29 MP: 3/3
   943 | D:2      | Reached XP level 4. HP: 37/37 MP: 4/4
  1064 | D:2      | Found Xyen's Assorted Antiques.
  2091 | D:3      | Reached XP level 5. HP: 39/42 MP: 5/5
  2323 | D:3      | Found a sacrificial altar of Ru.
  2899 | D:4      | Noticed a lemure
  2899 | D:4      | Noticed a lemure
  2955 | D:4      | Identified 2 scrolls of acquirement
  2955 | D:4      | Acquired the +15 Maxwell's patent armour {-Cast -Tele rElec
                  | Will+ rCorr}
  2955 | D:4      | Found the +15 Maxwell's patent armour {-Cast -Tele rElec
                  | Will+ rCorr}
  2958 | D:4      | Acquired the +1 pair of boots of Cush {rElec rF+ Dex+4}
  3030 | D:4      | Got the Commentary on Toxic Dislocation
  3069 | D:4      | Noticed Grinder
  3082 | D:5      | Entered Level 5 of the Dungeon
  3095 | D:4      | Killed Grinder
  3096 | D:4      | Reached skill level 5 in Shields
  3096 | D:4      | Reached XP level 6. HP: 25/48 MP: 6/6
  3573 | D:5      | Reached XP level 7. HP: 55/55 MP: 7/7
  3725 | D:4      | Noticed Pikel
  3744 | D:5      | Killed Pikel
  3745 | D:5      | Reached skill level 5 in Fighting
  3745 | D:5      | Reached skill level 5 in Maces & Flails
  3745 | D:5      | Reached skill level 6 in Shields
  3745 | D:5      | Reached XP level 8. HP: 60/62 MP: 8/8
  3762 | D:4      | Noticed Natasha
  3789 | D:4      | Killed Natasha
  3805 | D:4      | Noticed Natasha
  3812 | D:4      | Killed Natasha
  4208 | D:4      | Found a bloodstained altar of Trog.
  4209 | D:4      | Found a basalt altar of Yredelemnul.
  4383 | D:4      | Noticed Natasha
  4391 | D:4      | Killed Natasha
  4587 | D:5      | Found an ornate altar of the Wu Jian Council.
  5045 | D:5      | Became a worshipper of the Wu Jian Council
  5847 | D:5      | Reached XP level 9. HP: 68/68 MP: 9/9
  5913 | D:5      | Reached skill level 1 in Dodging
  5998 | D:5      | Noticed leafyfresh's ghost (amateur DjIE)
  5999 | D:5      | Found a transporter.
  6001 | D:5      | Identified the +9 giant club "Kiacw" {elec, rF- rC++ rN+}
  6003 | D:5      | Found a transporter.
  6270 | D:6      | Found a staircase to the Ecumenical Temple.
  6291 | D:6      | Reached skill level 7 in Shields
  6833 | D:6      | Noticed Maggie
  7399 | D:6      | Found Agenk's CLEARANCE SALE!.
  7406 | D:6      | Bought a scroll of identify for 14 gold pieces
  7414 | D:6      | Bought a +0 pair of gloves of dexterity for 80 gold pieces
  8719 | D:7      | Found a blossoming altar of Fedhas.
  8828 | D:7      | Noticed a hornet
  8852 | D:7      | Killed a hornet
  9461 | D:7      | Reached skill level 8 in Shields
  9461 | D:7      | Reached XP level 10. HP: 77/77 MP: 10/10
  9478 | D:7      | Found a white marble altar of Elyvilon.
 10424 | D:6      | Killed Maggie
 10610 | D:6      | Found a hazy altar of Hepliaklqana.
 10769 | D:6      | Found a glowing golden altar of the Shining One.
 10884 | D:8      | Reached * piety under Wu Jian
 11819 | D:8      | Found Gegru's Antique Weapon Boutique.
 11828 | D:8      | Bought a runed flail for 162 gold pieces
 11995 | D:8      | Noticed a two-headed ogre
 12178 | D:9      | Found an ancient bone altar of Kikubaaqudgha.
 12178 | D:9      | Noticed a two-headed ogre
 12695 | D:9      | Reached skill level 1 in Evocations
 12715 | D:9      | Found a staircase to the Lair.
 12721 | Lair:1   | Entered Level 1 of the Lair of Beasts
 13216 | Lair:1   | Reached skill level 10 in Armour
 13221 | Lair:1   | Reached skill level 9 in Shields
 13274 | Lair:1   | Reached XP level 11. HP: 65/85 MP: 11/11
 14770 | Lair:1   | Identified the +9 plate armour of Tenacity {rF- rC+ Will+++
                  | Slay+4}
 15001 | Lair:1   | Reached skill level 5 in Evocations
 15012 | Lair:1   | Reached ** piety under Wu Jian
 15206 | Lair:1   | Reached skill level 5 in Dodging
 15502 | Lair:2   | Reached skill level 1 in Stealth
 15718 | Lair:2   | Reached skill level 10 in Shields
 15780 | Lair:2   | Noticed a seven-headed hydra
 15880 | Lair:2   | Reached XP level 12. HP: 51/94 MP: 12/12
 17139 | Lair:3   | Found a hole to the Spider Nest.
 18206 | Lair:4   | Found a gate leading to a gauntlet.
 18279 | Gauntlet | Entered a Gauntlet
 18279 | Gauntlet | Found a transporter.
 18279 | Gauntlet | Found a transporter.
 18280 | Gauntlet | Found a transporter.
 18280 | Gauntlet | Found a transporter.
 18283 | Gauntlet | Found a transporter.
 18284 | Gauntlet | Found a transporter.
 18302 | Gauntlet | Found a transporter.
 18304 | Gauntlet | Found a transporter.
 18306 | Gauntlet | Noticed a sixfirhy
 18306 | Gauntlet | Noticed a sixfirhy
 18306 | Gauntlet | Found a large runed translucent door.
 18307 | Gauntlet | Found a large runed translucent door.
 18308 | Gauntlet | Found a large runed translucent door.
 18308 | Gauntlet | Found a large runed translucent door.
 18308 | Gauntlet | Found a runed translucent door.
 18309 | Gauntlet | Found a large runed translucent door.
 18310 | Gauntlet | Found a large runed translucent door.
 18311 | Gauntlet | Found a large runed translucent door.
 18311 | Gauntlet | Found a large runed translucent door.
 18312 | Gauntlet | Found a runed translucent gate.
 18313 | Gauntlet | Noticed a large abomination
 18314 | Gauntlet | Found a transporter.
 18314 | Gauntlet | Noticed a large abomination
 18419 | Gauntlet | Found a transporter.
 18419 | Gauntlet | Found a transporter.
 18421 | Gauntlet | Found a large runed translucent door.
 18422 | Gauntlet | Found a large runed translucent door.
 18423 | Gauntlet | Found a large runed translucent door.
 18423 | Gauntlet | Found a large runed translucent door.
 18423 | Gauntlet | Found a runed translucent door.
 18424 | Gauntlet | Found a large runed translucent door.
 18425 | Gauntlet | Found a large runed translucent door.
 18426 | Gauntlet | Found a large runed translucent door.
 18426 | Gauntlet | Found a large runed translucent door.
 18427 | Gauntlet | Found a runed translucent gate.
 18427 | Gauntlet | Found a runed translucent gate.
 18429 | Gauntlet | Found a transporter.
 18429 | Gauntlet | Found the +10 dark maul {vorpal}
 19188 | Gauntlet | Killed a large abomination
 19191 | Gauntlet | Killed a large abomination
 19203 | Gauntlet | Identified the +1 helmet of Apathy {Harm rF+ Stlth+}
 19275 | Gauntlet | Noticed a minotaur
 19282 | Gauntlet | Killed a minotaur
 19790 | Lair:4   | Found a staircase to the Slime Pits.
 19790 | Lair:4   | Found a viscous altar of Jiyva.
 20072 | Lair:4   | Reached XP level 13. HP: 101/101 MP: 13/13
 20092 | Lair:4   | Reached skill level 10 in Maces & Flails
 20475 | Temple   | Entered the Ecumenical Temple
 20846 | D:9      | Found Ecseom Abrel's Assorted Antiques.
 20858 | D:9      | Bought a potion of heal wounds for 165 gold pieces
 20943 | D:9      | Reached *** piety under Wu Jian
 21036 | D:9      | Reached skill level 11 in Shields
 21153 | D:9      | Found a staircase to the Orcish Mines.
 21327 | D:9      | Noticed Amaemon
 21335 | D:9      | Killed Amaemon
 21336 | D:9      | Reached skill level 5 in Stealth
 21579 | D:9      | Acquired a +1 cloak of willpower
 21599 | D:10     | Entered Level 10 of the Dungeon
 21599 | D:10     | Found a shimmering altar of Xom.
 21622 | D:10     | Noticed Fannar
 21624 | D:10     | Found a shadowy altar of Dithmenos.
 21769 | D:10     | Found a broken altar of Ashenzari.
 21877 | D:10     | Noticed Erica
 21901 | D:10     | Killed Erica
 22105 | D:10     | Killed Fannar
 22445 | D:10     | Reached **** piety under Wu Jian
 22891 | D:10     | Found a sparkling altar of Nemelex Xobeh.
 23184 | D:11     | Noticed a boulder beetle
 23200 | D:11     | Killed a boulder beetle
 24220 | D:12     | Noticed a centaur warrior
 24228 | D:12     | Killed a centaur warrior
 24229 | D:12     | Reached skill level 10 in Fighting
 24229 | D:12     | Reached XP level 14. HP: 100/110 MP: 14/14
 24233 | D:12     | Identified the +2 pair of boots of the Fife {Will+}
 24848 | Orc:1    | Entered Level 1 of the Orcish Mines
 25245 | Lair:2   | Found a staircase to the Shoals.
 25260 | Lair:2   | Reached skill level 12 in Shields
 25978 | Lair:5   | Entered Level 5 of the Lair of Beasts
 26418 | Lair:5   | Reached ***** piety under Wu Jian
 27295 | Lair:5   | Reached XP level 15. HP: 117/117 MP: 15/15
 28732 | Orc:2    | Entered Level 2 of the Orcish Mines
 29072 | Orc:2    | Noticed Saint Roka
 29101 | Orc:1    | Reached skill level 1 in Ranged Weapons
 30230 | D:9      | Bought the +3 greatsling "Punk" {acid, rCorr} for 1032 gold
                  | pieces
 30230 | D:9      | Found the +3 greatsling "Punk" {acid, rCorr}
 30230 | D:9      | Bought a wand of paralysis (7) for 554 gold pieces
 31030 | D:13     | Reached skill level 13 in Shields
 31137 | D:13     | Identified the +3 shortbow "Munnodyi" {speed, rF+}
 33081 | D:14     | Found a gate to the Vaults.
 33471 | D:14     | Reached ****** piety under Wu Jian
 33793 | D:15     | Entered Level 15 of the Dungeon
 35755 | Spider:1 | Entered Level 1 of the Spider Nest
 36831 | Spider:1 | Reached XP level 16. HP: 126/126 MP: 16/16
 37739 | Spider:1 | Noticed an emperor scorpion
 37767 | Spider:1 | Killed an emperor scorpion
 37768 | Spider:1 | Reached skill level 5 in Ranged Weapons
 38278 | Spider:2 | Identified the +2 scale mail "Libil" {rElec rC+ Dex+5
                  | Slay-5}
 39526 | Spider:2 | Reached skill level 10 in Evocations
 39791 | Spider:2 | Reached skill level 10 in Stealth
 41119 | Spider:3 | Noticed an emperor scorpion
 41721 | Spider:2 | Killed an emperor scorpion
 42397 | Spider:2 | Reached skill level 14 in Shields
 45036 | Spider:3 | Reached XP level 17. HP: 126/129 MP: 17/17
 45185 | Spider:4 | Entered Level 4 of the Spider Nest
 48519 | Spider:4 | Got a gossamer rune of Zot
 49518 | Orc:2    | Killed Saint Roka
 49519 | Orc:2    | Reached skill level 15 in Armour
 49655 | Orc:2    | Found a staircase to the Elven Halls.
 49822 | Orc:2    | Found Veryhore's Book Boutique.
 49822 | Orc:2    | Found Gobeod's Antique Weapon Shoppe.
 49921 | Orc:2    | Found Zaurhykele's Jewellery Boutique.
 49921 | Orc:2    | Found Zikegg's Jewellery Shoppe.
 49980 | Orc:2    | Bought the amulet "Moiqed" {Reflect rElec rF++ Regen+ Int-4
                  | SH+5} for 796 gold pieces
 50712 | Elf:1    | Entered Level 1 of the Elven Halls
 51124 | Shoals:1 | Entered Level 1 of the Shoals
 51129 | Shoals:1 | Noticed a kraken
 51380 | Vaults:1 | Entered Level 1 of the Vaults
 51524 | Vaults:1 | Found a flickering gateway to a bazaar.
 51535 | Bazaar   | Entered a bazaar
 51535 | Bazaar   | Found Pus Moyff's Antique Armour Shoppe.
 51557 | Bazaar   | Found Qezebab's Jewellery Shoppe.
 51576 | Bazaar   | Found Umnakk's Jewellery Shoppe.
 51828 | Vaults:1 | Reached XP level 18. HP: 97/142 MP: 18/18
 52156 | Vaults:1 | Reached skill level 15 in Shields
 52677 | Vaults:1 | Reached skill level 10 in Dodging
 53716 | Vaults:1 | Reached skill level 10 in Ranged Weapons
 54950 | Vaults:2 | Reached XP level 19. HP: 150/150 MP: 19/19
 55023 | Vaults:2 | Found a staircase to the Crypt.
 55386 | Vaults:2 | Got the Cyclopedia of Non-Euclidean Conjury
 57000 | Vaults:2 | Reached skill level 16 in Shields
 58786 | Vaults:3 | Reached XP level 20. HP: 159/159 MP: 20/20
 59575 | Vaults:4 | Reached skill level 15 in Maces & Flails
 61370 | Crypt:1  | Entered Level 1 of the Crypt
 61906 | D:15     | Found a staircase to the Depths.
 62042 | D:15     | Found a hide-covered altar of Uskayaw.
 62200 | D:15     | Reached XP level 21. HP: 166/166 MP: 21/21
 62571 | Depths:1 | Entered Level 1 of the Depths
 62580 | Depths:1 | Found Veoplum's General Store.
 62591 | Depths:1 | Reached skill level 17 in Shields
 62667 | Depths:1 | Found a one-way gate leading to the halls of Pandemonium.
 63031 | Depths:1 | Found a gateway to Hell.
 63074 | Depths:1 | Found a one-way gateway to a ziggurat.
 63411 | Depths:1 | Identified the +0 pair of gloves of the Orb {Regen+ rCorr
                  | Str+3 Dex-2}
 63641 | Depths:1 | Found an ornate altar of the Wu Jian Council.
 64259 | Orc:2    | Bought a ring of protection from cold for 375 gold pieces
 64546 | Depths:2 | Found a stormy altar of Qazlal.
 66615 | Shoals:1 | Found Cuetroich's Weapon Emporium.
 66985 | Shoals:1 | Noticed Donald
 66998 | Shoals:1 | Killed Donald
 67136 | Shoals:2 | Noticed Ilsuiw
 67623 | Shoals:2 | Reached skill level 15 in Stealth
 67792 | Shoals:2 | Found a runed translucent door.
 68029 | Shoals:2 | Got the Tome of Spellbinding Profane Deeds
 68051 | Shoals:2 | Killed Ilsuiw
 69359 | Shoals:2 | Reached skill level 15 in Fighting
 69457 | Shoals:3 | Noticed Aizul
 69467 | Shoals:3 | Killed Aizul
 69808 | Shoals:3 | Noticed Bai Suzhen
 69810 | Shoals:3 | Killed Bai Suzhen
 69945 | Shoals:3 | Reached XP level 22. HP: 175/175 MP: 22/22
 70132 | Shoals:4 | Entered Level 4 of the Shoals
 70584 | Shoals:4 | Identified the +4 ring mail "Rotaaq" {Contam Rampage Str+2
                  | Dex+2}
 71074 | Shoals:4 | Got a barnacled rune of Zot
 71960 | Slime:1  | Entered Level 1 of the Pits of Slime
 73405 | Elf:1    | Reached skill level 18 in Shields
 73619 | Elf:1    | Found Giqaerro's Antique Weapon Shop.
 74039 | Elf:1    | Found Obaliam's Antique Armour Emporium.
 74039 | Elf:1    | Found Cejo's Armour Shoppe.
 74059 | Elf:1    | Bought the +1 pair of gloves of Heresy {rC+ Int+4} for 414
                  | gold pieces
 74567 | Elf:2    | Found Estier's Overcharged Wands.
 74677 | Elf:2    | Found Dotrah's Antique Weapon Shop.
 75027 | Elf:2    | Found a runed translucent gate.
 75027 | Elf:2    | Found a runed translucent gate.
 75033 | Elf:2    | Found a runed translucent gate.
 75944 | Elf:2    | Reached XP level 23. HP: 143/182 MP: 23/23
 76175 | Elf:3    | Entered Level 3 of the Elven Halls
 76273 | Elf:3    | Found Roek's Weapon Shop.
 78351 | Elf:2    | Bought a wand of mindburst (30) for 630 gold pieces
 78583 | Elf:3    | Identified the +1 broad axe "Hydraslayer" {vorpal, +Blink
                  | rCorr Str+7 Stlth-}
 78657 | Elf:3    | Identified the +9 halberd "Poyvueno" {vorpal, *Rage rPois
                  | Str+4}
 78801 | Elf:3    | Identified the +8 quarterstaff "Undertaker" {vorpal, rElec
                  | Dex+4}
 78801 | Elf:3    | Identified the ring of Doubts {Wiz rN++}
 79147 | Elf:3    | Got Dispater's Dissertation on Terra Firma and Command
 79149 | Elf:3    | Identified the +0 ring mail of Jodu {rElec Str+3}
 80074 | Crypt:1  | Found a runed translucent door.
 80078 | Crypt:1  | Noticed Roocroe's ghost (veteran MiGl)
 80635 | Crypt:1  | Noticed Jory
 80641 | Crypt:1  | Killed Jory
 80915 | Crypt:1  | Identified the ring of Lilacs {rPois rN+ Will+ Str+7 Dex-2}
 80978 | Crypt:1  | Noticed Grunn
 80997 | Crypt:1  | You fall into a shaft and drop 1 floor!
 81536 | Vaults:2 | You fall into a shaft and drop 2 floors!
 81710 | Vaults:5 | Entered Level 5 of the Vaults
 81756 | Vaults:2 | Reached skill level 19 in Shields
 82385 | Crypt:1  | Killed Grunn
 82394 | Crypt:1  | Reached XP level 24. HP: 179/191 MP: 23/23
 82396 | Crypt:1  | Reached skill level 15 in Evocations
 83293 | Crypt:1  | Identified the +7 mace of Jeuruaff {venom, rC+}
 85149 | Depths:2 | Found a one-way gate to the infinite horrors of the Abyss.
 85163 | Depths:2 | Noticed Louise
 85172 | Depths:2 | Killed Louise
 85179 | Depths:2 | Acquired the +10 morningstar "Eos" {elec, Halo rElec}
 85179 | Depths:2 | Found the +10 morningstar "Eos" {elec, Halo rElec}
 85182 | Depths:2 | Acquired 624 gold pieces
 85184 | Depths:2 | Acquired a +8 vorpal hand crossbow
 85207 | Depths:2 | Noticed a juggernaut
 85217 | Depths:2 | Found a transporter.
 85234 | Depths:2 | Found a transporter.
 86005 | Depths:3 | Reached skill level 15 in Ranged Weapons
 86475 | Depths:3 | Identified the +2 robe of a ziggurat {rElec rC+ Dex+4}
 86671 | Depths:3 | Identified the ring of Baiducuz {Drain Str+4 Int+4 SInv}
 87238 | Depths:3 | Reached XP level 25. HP: 199/199 MP: 23/23
 87408 | Depths:4 | Entered Level 4 of the Depths
 87937 | D:9      | Bought a scroll of enchant armour for 247 gold pieces
 87937 | D:9      | Bought a scroll of magic mapping for 247 gold pieces
 88267 | Vaults:5 | Noticed Boris
 88956 | Vaults:5 | Killed Boris
 88957 | Vaults:5 | Noticed an ancient lich
 90532 | Depths:4 | Found a gate to the Realm of Zot.
 90625 | Depths:4 | Noticed Mennas
 90626 | Depths:4 | Reached skill level 20 in Shields
 90638 | Depths:4 | Killed Mennas
 91199 | D:2      | Bought a potion of curing for 75 gold pieces
 91199 | D:2      | Bought a scroll of enchant weapon for 187 gold pieces
 91754 | Depths:4 | Identified the ring "Waimaraa" {Fly AC+4}
 93140 | Slime:2  | Gained mutation: You are frail. (-10% HP) [a shining eye]
 93140 | Slime:2  | Gained mutation: You occasionally shout uncontrollably at
                  | your foes. [a shining eye]
 94974 | Slime:5  | Entered Level 5 of the Pits of Slime
 95522 | Slime:5  | Noticed the Royal Jelly
 95545 | Slime:5  | Reached XP level 26. HP: 187/187 MP: 23/23
 96292 | Vaults:5 | Killed an ancient lich
 96753 | Vaults:5 | Noticed a dread lich
 96899 | Vaults:5 | Killed a dread lich
 96929 | Vaults:5 | Noticed Sojobo
 96949 | Vaults:5 | Killed Sojobo
 97762 | Vaults:5 | Got the Codex of the Congregation
 98724 | Vaults:5 | Reached skill level 21 in Shields
 98854 | Vaults:5 | Identified the +7 morningstar "Abyinu" {holy, Int+4}
 98899 | Vaults:5 | Identified the +5 long sword of Zetulash {vorpal, rElec
                  | Str-3 Dex+5}
 98901 | Vaults:5 | Identified the ring of Rawkeot {rPois rF+ rC+ MP+9 Dex+4}
 99009 | Vaults:5 | Identified the ring "Rody" {Fire rN++ Dex+8}
 99011 | Vaults:5 | Identified the ring of Nokew {rElec rN+ Will+ Int+4}
 99167 | Vaults:5 | Found Runotix's Magic Scroll Shop.
 99168 | Vaults:5 | Got a silver rune of Zot
 99176 | Vaults:5 | Bought a scroll of enchant weapon for 135 gold pieces
 99176 | Vaults:5 | Bought a scroll of fear for 72 gold pieces
 99176 | Vaults:5 | Bought a scroll of enchant weapon for 135 gold pieces
 99198 | Vaults:5 | Found Epeap's Distillery.
 99226 | Vaults:5 | Bought a potion of heal wounds for 105 gold pieces
 99226 | Vaults:5 | Bought a potion of curing for 63 gold pieces
 99265 | Vaults:5 | Found Poixeerr's Magic Scroll Emporium.
 99270 | Vaults:5 | Bought a scroll of enchant armour for 82 gold pieces
 99270 | Vaults:5 | Bought a scroll of acquirement for 572 gold pieces
 99270 | Vaults:5 | Bought a scroll of fog for 44 gold pieces
 99275 | Vaults:5 | Acquired a manual of Hexes
 99287 | Vaults:5 | Acquired 786 gold pieces
 99979 | Elf:2    | Bought a wand of light (18) for 1134 gold pieces
100454 | Zot:1    | Entered Level 1 of the Realm of Zot
102342 | Zot:1    | Reached XP level 27. HP: 149/194 MP: 23/23
105402 | Zot:2    | Reached skill level 22 in Shields
105600 | Zot:3    | Noticed a Killer Klown
105611 | Zot:3    | Killed a Killer Klown
105697 | Zot:3    | You fall into a shaft and drop 1 floor!
105705 | Zot:4    | Noticed an orb of fire
105706 | Zot:4    | Gained mutation: You are weak. (Str -2) [an orb of fire]
105973 | Zot:4    | Noticed Parghit
105977 | Zot:3    | Killed Parghit
105977 | Zot:3    | Gained mutation: Your system is resistant to poisons.
                  | (rPois) [an orb of fire]
105978 | Zot:3    | Killed an orb of fire
106575 | Zot:3    | Reached skill level 15 in Dodging
106944 | Zot:3    | Found a transporter.
106945 | Zot:3    | Found a shimmering blue altar of Sif Muna.
106949 | Zot:3    | Noticed an orb of fire
106950 | Zot:3    | Noticed a dread lich
108240 | D:5      | Killed leafyfresh's ghost
108714 | Shoals:2 | Got the Essays on the Called Lungs
109151 | Crypt:1  | Killed Roocroe's ghost
109967 | Crypt:3  | Entered Level 3 of the Crypt
110536 | Crypt:3  | Reached skill level 23 in Shields
111002 | Crypt:3  | Found a staircase to the Tomb.
111081 | Crypt:3  | Noticed a dread lich
111280 | Crypt:3  | Noticed an ancient lich
111280 | Crypt:3  | Noticed a dread lich
111393 | Tomb:1   | Entered Level 1 of the Tomb of the Ancients
111987 | Tomb:1   | Noticed a royal mummy
112206 | Tomb:1   | Killed a royal mummy
112399 | D:14     | Lost mutation: You occasionally shout uncontrollably at
                  | your foes. [potion of mutation]
112399 | D:14     | Lost mutation: Your system is resistant to poisons. (rPois)
                  | [potion of mutation]
112399 | D:14     | Lost mutation: You are weak. (Str -2) [potion of mutation]
112399 | D:14     | Gained mutation: You are weak. (Str -2) [potion of
                  | mutation]
112399 | D:14     | Gained mutation: Your flesh is cold resistant. (rC+)
                  | [potion of mutation]
112400 | D:14     | Lost mutation: You are frail. (-10% HP) [potion of
                  | mutation]
112400 | D:14     | Lost mutation: Your flesh is cold resistant. (rC+) [potion
                  | of mutation]
112400 | D:14     | Gained mutation: You expend magic power (3 MP) to
                  | strengthen your wands. [potion of mutation]
112400 | D:14     | Gained mutation: You have large cloven feet. [potion of
                  | mutation]
112591 | Temple   | Acquired a manual of Evocations
113181 | Tomb:1   | Identified the +5 scale mail of the Goldsmith {Int+4}
113687 | Tomb:2   | Noticed a royal mummy
113687 | Tomb:2   | Noticed a royal mummy
113688 | Tomb:2   | Noticed a royal mummy
113688 | Tomb:2   | Noticed a royal mummy
113689 | Tomb:2   | Noticed a royal mummy
113706 | Tomb:2   | HP: 9/219 [bennu (10)]
113707 | Tomb:2   | Killed from afar by a mummy priest

Illustrated notes

Levels and vault maps discovered:
D:1:      giann_horns, layout_basic, grunt_decor_cap, minmay_tall_x
D:2:      layout_loops_ring, serial_shops, shop
D:3:      layout_basic, nicolae_ru_great_annihilating_truth, minmay_starry_boxes
D:4:      layout_loops_ring, gammafunk_temple_overflow_wave, minivault_5,
          uniq_pikel, uniq_grinder, uniq_natasha
D:5:      layout_basic, nicolae_wu_jian_wuxing_cycle, gammafunk_ghost_smash,
          palyth_stone_intersect, hangedman_decor_opposing
D:6:      layout_loops_cross, tso_altar, kennysheep_little_box,
          minmay_temple_entry_glass, nicolae_shop_clearance, uniq_maggie
D:7:      layout_cave_pods, nicolae_elyvilon_peaceful_grove, fedhas_altar_2,
          eino_jars
D:8:      layout_loops_cross, serial_shops, shop
D:9:      layout_roguey, nicolae_kikubaaqudgha_miasma_corner, lair_entry_dummy,
          erik_orc_1, serial_shops, nicolae_shop_window_shopping,
          grunt_ministairs_3, uniq_amaemon
D:10:     layout_loops_ring, mainiacjoe_overflow_alcove_1,
          mainiacjoe_overflow_paths, mainiacjoe_overflow_catwalk_spiral,
          minivault_25_ag, uniq_fannar, uniq_erica
D:11:     layout_rooms
D:12:     layout_roguey
D:13:     layout_rooms
D:14:     layout_cave_pools, david_vaults_2, minmay_misc_feat_roman
D:15:     gammafunk_depths_entry_grave, layout_stronghold,
          chequers_serial_rivers_large_b, nicolae_uskayaw_suspiria
Temple:   hellmonk_temple_forest_ring
Lair:1:   layout_misc_corridors
Lair:2:   layout_gridlike, elwin_shoals_entry_stream, grunt_megastairs_5,
          serial_bayou_shore_b, lemuel_fruit_tree
Lair:3:   layout_chaotic_city, hellmonk_spider_entry_life_and_decay,
          grunt_megastairs_3, infiniplex_staircase_pool_2, lemuel_fruit_fields
Lair:4:   layout_loops_ring, minmay_slime_entry_pillars, gauntlet_entry_generic,
          serial_bayou_pond_c, beast_lair_carwin_1, serial_bayou_shore_a
Lair:5:   minmay_lair_end_frog_pond, layout_regular_city,
          hangedman_lair_unloving_vines, dpeg_oklob_1
Shoals:1: layout_shoals, serial_shops, nicolae_shop_bloodbath_and_beyond,
          centaur_isle, uniq_donald
Shoals:2: layout_shoals, lightli_airlock, uniq_ilsuiw
Shoals:3: layout_shoals, uniq_bai_suzhen, uniq_aizul
Shoals:4: shoals_end_grunt_ice, layout_shoals, nicolae_shoals_lost_giant_baths
Spider:1: layout_chambers, hangedman_spider_tarantella_strand
Spider:2: layout_spider_delve, hellmonk_narrow_tunnel
Spider:3: layout_spider_delve, nicolae_spider_bug_shape
Spider:4: hellmonk_spider_rune_bug_friends
Slime:1:  layout_caves
Slime:2:  layout_caves
Slime:3:  layout_caves
Slime:4:  layout_caves
Slime:5
Orc:1:    layout_caves, basic_altar
Orc:2:    st_orc_town, layout_diamond_mine, uniq_saint_roka
Elf:1:    layout_loops_corners, serial_shops, nicolae_shop_advertising_works
          [nicolae_subvault_shop_adworks], hangedman_elf_disciples,
          minmay_shoptagon
Elf:2:    nicolae_elf_blades_splatter_lattice
          [nicolae_vaults_blade_armed_guards], layout_geoelf_octagon,
          serial_shops, shop, nicolae_shop_overcharged_wands
Elf:3:    minmay_elf_hall_curves, layout_geoelf_diagonals, serial_shops,
          nicolae_shop_waterfront, minmay_misc_feat_ornament
Vaults:1: vaults_standard_mumra_enter_the_diamond, vaults_standard_mumra_x,
          nicolae_vaults_what_the_h, hangedman_vaults_nodes, vaults_room_pools,
          nicolae_vaults_little_squares_5, hangedman_vaults_unwind,
          nicolae_vaults_shelves_hall, nicolae_vaults_ring_of_whatevers,
          hangedman_vaults_stretched_pinwheel, nicolae_vaults_display_case,
          v_misc_27, nicolae_vaults_little_squares_3,
          layout_vaults_chaotic_city, serial_shops, bzr_firewalk
Vaults:2: v_misc_5, hangedman_vaults_locks, blue_anna_dwarven_crypt,
          nicolae_vaults_network_s, vaults_room_semicircle,
          hangedman_vaults_stagger, nicolae_vaults_theta, ontoclasm_vaults_eye,
          layout_vaults_omnigrid, uniq_margery
Vaults:3: nicolae_vaults_back_hallway, nicolae_vaults_alarming,
          ontoclasm_vaults_echo, hangedman_vaults_impose, v_misc_14,
          nicolae_vaults_three_branches, v_misc_11, v_alt_pattern_2,
          grunt_vaults_hallway_long, v_misc_12, nicolae_vaults_little_squares_5,
          nicolae_vaults_theta, vaults_room_hallway, dpeg_vaults_monster_box,
          layout_vaults_ring
Vaults:4: v_misc_14, kb_rosetta, nicolae_vaults_stairing_the_circle,
          v_pattern_4, hangedman_vaults_hat, v_misc_30, vaults_room_boxed,
          ontoclasm_vaults_gateway, grunt_vaults_swirl,
          nicolae_vaults_bisected_slash, v_misc_8,
          nicolae_vaults_hallways_thing, ontoclasm_vaults_ring_small,
          hangedman_vaults_stretched_pinwheel,
          nicolae_vaults_diagonal_hallway_8, layout_vaults_maze_snakey
Vaults:5: serial_shops, uniq_boris, uniq_sojobo
Crypt:1:  nicolae_crypt_knochenhaus, layout_chaotic_city,
          hellmonk_ghost_happy_afterlife, minmay_misc_feat_pillars, uniq_jory,
          uniq_grunn
Crypt:2:  layout_chaotic_city
Crypt:3:  david_glass_crypt, layout_rooms
Tomb:1
Tomb:2
Depths:1: layout_gridville, enter_ziggurat_a, grunt_hell_entry_dis_grunt,
          kennysheep_cluttered_room, pan_entry, serial_shops,
          nicolae_shop_hallway_plus, lemuel_statue_altar, fountainhead,
          kennysheep_generic_room_10
Depths:2: gammafunk_sealed_arena, layout_cave_pools, hell_entry,
          nicolae_abyss_entry_one_way_or_another, grunt_pan_entry_zigzag,
          infiniplex_staircase_zigzag_4, grunt_qazlal_sundering
Depths:3: minmay_the_grid_square_5x5_3x3 [minmay_the_grid_square_5x5_n,
          minmay_the_grid_square_5x5_misaligned,
          minmay_the_grid_square_5x5_moneybag,
          minmay_the_grid_square_5x5_dogpile,
          minmay_the_grid_square_5x5_megaprize_crossed,
          minmay_the_grid_square_5x5_shrine2, minmay_the_grid_square_5x5_plus,
          minmay_the_grid_square_5x5_z, minmay_the_grid_square_5x5_six],
          layout_gridville, hell_entry, abyss_entry,
          minmay_staircase_windowed_large
Depths:4: evilmike_zot_entry_gauntlet, layout_cave_pools,
          pf_hell_entry_tar_spiral, minmay_guarded_unrand_tortoise, uniq_mennas
Zot:1:    layout_twisted_circle
Zot:2:    lemuel_halls_of_wrath, layout_onion_interference, grunt_ministairs_7
Zot:3:    gammafunk_sealed_library, layout_twisted_circle
Zot:4:    grunt_twist_and_shout, layout_cathedral_of_symmetry, st_stairs_13,
          serial_nicolae_subway, nicolae_sub_station_stone,
          nicolae_sub_station_metal, nicolae_sub_station_crystal, uniq_parghit

Skill      XL: |  1  2  3  4  5  6  7  8  9 10 11 12 13 14 15 16 17 18 19 20 21 22 23 24 25 26 27 |
---------------+----------------------------------------------------------------------------------+-----
Maces & Flails | 3 4 5 6 7 8 9 11 12 13 14 15 16 17 18 19 21 | 21.2
Armour         | 4 6 7 8 10 11 12 13 14 15 16 17 18 19 20 21 | 21.6
Fighting       | 4 5 6 7 8 9 10 11 12 13 14 15 16 17 18 | 18.7
Shields        | 5 6 8 9 10 11 12 13 14 15 16 17 18 19 20 21 23 | 23.3
Dodging        | 2 4 5 6 7 8 9 10 11 12 13 14 15 | 15.3
Evocations     | 2 5 6 7 8 9 10 11 12 13 14 15 16 17 | 17.8
Stealth        | 1 4 6 8 9 10 11 12 13 14 15 16 17 18 20 | 20.0
Ranged Weapons | 4 7 8 10 11 12 13 14 15 16 17 | 17.0

Action                   |  1- 3 |  4- 6 |  7- 9 | 10-12 | 13-15 | 16-18 | 19-21 | 22-24 | 25-27 || total
-------------------------+-------+-------+-------+-------+-------+-------+-------+-------+-------++-------
Melee: Flail             |   103 |   108 |    30 |     8 |       |       |    33 |       |       ||   282
       Whip              |       |       |   416 |  1014 |   194 |       |       |       |       ||  1624
       Maul              |       |       |       |    16 |       |   125 |   506 |   725 |   844 ||  2216
       Mace              |       |       |       |     8 |       |       |       |       |       ||     8
       Demon whip        |       |       |       |       |  1198 |  1520 |   194 |       |       ||  2912
       Eveningstar       |       |       |       |       |       |       |       |     4 |       ||     4
 Fire: Greatsling        |       |       |       |       |    77 |   105 |       |       |       ||   182
       Arbalest          |       |       |       |       |    29 |       |   184 |   241 |       ||   454
       Shortbow          |       |       |       |       |    19 |    65 |    23 |       |       ||   107
       Hand crossbow     |       |       |       |       |       |       |       |    51 |   431 ||   482
Invok: Lunge             |       |       |     9 |    20 |    56 |    49 |    30 |    28 |    26 ||   218
       Whirlwind         |       |       |       |    18 |    22 |    31 |    19 |    14 |    25 ||   129
       Heavenly Storm    |       |       |       |       |       |       |     1 |     2 |     5 ||     8
 Abil: Dig               |       |       |     1 |       |     2 |     2 |     1 |       |     3 ||     9
       Wall Jump         |       |       |       |       |       |       |     1 |       |     9 ||    10
       Shaft Self        |       |       |       |       |       |       |       |     2 |     1 ||     3
       Evoke Invisibilit |       |       |       |       |       |       |       |       |     1 ||     1
Evoke: Wand              |       |       |    16 |    17 |    55 |    12 |    20 |    46 |    43 ||   209
       Lightning rod     |       |       |       |       |     4 |     7 |     9 |    16 |    23 ||    59
       Condenser vane    |       |       |       |       |       |       |     1 |     6 |     8 ||    15
       Box of beasts     |       |       |       |       |       |       |       |     4 |     7 ||    11
       Phantom mirror    |       |       |       |       |       |       |       |       |     5 ||     5
       Tin of tremorston |       |       |       |       |       |       |       |       |     3 ||     3
  Use: Potion            |       |     2 |       |     7 |     3 |     8 |     8 |    22 |    22 ||    72
       Scroll            |       |     8 |    11 |    12 |     7 |     7 |    10 |    12 |    19 ||    86
 Stab: Paralysed         |       |     1 |       |     1 |    12 |     9 |       |       |       ||    23
       Invisible         |       |       |       |     8 |     4 |     3 |     2 |     3 |     1 ||    21
       Distracted        |       |       |       |       |     1 |       |     1 |     5 |     1 ||     8
       Sleeping          |       |       |       |       |       |       |     3 |     2 |     3 ||     8
Armor: Scale mail        |    81 |    63 |       |       |       |       |       |       |       ||   144
       Plate armour      |       |    22 |   242 |   393 |   360 |   579 |   591 |   520 |   764 ||  3471
Dodge: Dodged            |    52 |    42 |   100 |   227 |   261 |   462 |   488 |   414 |   840 ||  2886
Block: Buckler           |    43 |    34 |   118 |     5 |       |       |       |       |       ||   200
       Kite shield       |       |       |       |   552 |   953 |   932 |       |       |       ||  2437
       Reflection        |       |       |       |       |    66 |    59 |   119 |   149 |    31 ||   424
       Tower shield      |       |       |       |       |       |   590 |  1577 |  1546 |  1967 ||  5680
